 Dungeon Crawl Stone Soup version 0.18-b1-14-g029dad2 (webtiles) character file.

32987 poirepourri the Blocker (level 13, -1/118 HPs)
             Began as a Minotaur Fighter on Apr 30, 2016.
             Was the Champion of Makhleb.
             Slain by a 14-headed hydra (13 damage)
             ... on level 6 of the Lair of Beasts.
             The game lasted 00:29:30 (16754 turns).

poirepourri the Blocker (Minotaur Fighter)         Turns: 16754, Time: 00:29:31

Health: -1/118     AC: 12    Str: 26    XL:     13   Next: 34%
Magic:  13/13      EV: 21    Int:  5    God:    Makhleb [******]
Gold:   833        SH: 16    Dex: 15    Spells: 0 memorised, 12 levels left

rFire  + . .     SeeInvis .     a - +2 war axe
rCold  . . .     Gourm    .     Q - +1 scale mail
rNeg   . . .     Faith    .     c - +2 shield
rPois  .         Spirit   .     (helmet restricted)
rElec  .         Dismiss  .     A - +0 cloak
rCorr  .         Reflect  .     C - +0 pair of gloves
SustAt .         Harm     .     (no boots)
MR     .....                    m - amulet of rage
Stlth  ++........               s - ring of protection from fire
                                (no ring)

@: agile, about to teleport, not resistant to hostile enchantments, unstealthy
A: retaliatory headbutt, horns 2
a: Minor Destruction, Lesser Servant of Makhleb, Major Destruction, Greater
Servant of Makhleb, Renounce Religion, Evoke Berserk Rage


You were on level 6 of the Lair of Beasts.
You worshipped Makhleb.
Makhleb was exalted by your worship.
You were not hungry.

You visited 3 branches of the dungeon, and saw 19 of its levels.
You also visited: Sewer.

You collected 1328 gold pieces.
You spent 495 gold pieces at shops.

Inventory:

Hand Weapons
 a - a +2 war axe (weapon)
Missiles
 B - 92 bolts
Armour
 c - a +2 shield (worn)
 A - a +0 cloak (worn)
 C - a +0 pair of gloves (worn)
 Q - a +1 scale mail (worn)
Rods
 J - a +1 rod of clouds (10/10)
   (You found it on level 11 of the Dungeon)
Jewellery
 m - an amulet of rage (around neck)
 s - a ring of protection from fire (right hand)
 D - an uncursed ring of protection from magic
 H - an uncursed amulet of guardian spirit
 N - an uncursed ring of ice {unknown}
 T - an uncursed ring of positive energy {unknown}
Wands
 g - a wand of flame (5/48)
 i - a wand of flame (8/48)
 l - a wand of disintegration (0/24)
 q - a wand of iceblast (0/15)
 w - a wand of digging (4/24)
 x - a wand of enslavement (7/24)
 y - a wand of confusion (7/48)
 F - a wand of enslavement (13/24)
 G - a wand of slowing (22/48)
 R - a wand of digging (11/24)
Scrolls
 b - a scroll of fog
 e - a scroll of vulnerability {unknown}
 k - 14 scrolls of remove curse
 n - a scroll of teleportation
 L - 3 scrolls of recharging
 V - 2 scrolls of identify
Potions
 d - a potion of magic {unknown}
 h - a potion of invisibility
 j - a potion of mutation {unknown}
 o - 5 potions of lignification
 p - 3 potions of cancellation
 r - 3 potions of ambrosia
 u - a potion of berserk rage {unknown}
 v - 2 potions of agility
 E - 3 potions of cure mutation
 I - 5 potions of flight
 M - 2 potions of degeneration {unknown}
 P - 2 potions of resistance {unknown}
 U - 2 potions of curing
 W - a potion of haste {unknown}
Books
 K - a book of the Earth

   Spells                             Type                      Level
   a - Leda's Liquefaction            Hexes/Earth                  4
   b - Bolt of Magma                  Conjuration/Fire/Earth       5
   c - Statue Form                    Transmutation/Earth          6
   d - Iron Shot                      Conjuration/Earth            6
   e - Shatter                        Earth                        9
 O - a book of Debilitation

   Spells                             Type                      Level
   a - Corona                         Hexes                        1
   b - Slow                           Hexes                        2
   c - Gell's Gravitas                Hexes/Translocation          3
   d - Inner Flame                    Hexes/Fire                   3
   e - Cause Fear                     Hexes                        4
   f - Leda's Liquefaction            Hexes/Earth                  4
 S - a book of Callings

   Spells                             Type                      Level
   a - Summon Small Mammal            Summoning                    1
   b - Call Imp                       Summoning                    2
   c - Call Canine Familiar           Summoning                    3
   d - Summon Guardian Golem          Hexes/Summoning              3
   e - Summon Lightning Spire         Summoning/Air                4
   f - Summon Ice Beast               Ice/Summoning                4
Comestibles
 f - 4 bread rations
 t - 11 royal jellies
 z - 6 fruits


   Skills:
 + Level 12.1 Fighting
 + Level 13.4 Axes
 + Level 10.8 Armour
 + Level 10.2 Dodging
 + Level 1.5 Stealth
 + Level 13.7 Shields
 + Level 2.6 Invocations
 + Level 2.0 Evocations


You had 12 spell levels left.
You didn't know any spells.

Dungeon Overview and Level Annotations

Branches:
Dungeon (12/15)            Temple (1/1) D:6            Lair (6/8) D:11
 Shoals (0/4) Lair:5       Spider (0/4) Lair:4
  Slime: Lair:6-8       Orc: D:9-12

Altars:
Ashenzari
Cheibriados
Dithmenos
Elyvilon
Fedhas
Gozag
Kikubaaqudgha
Makhleb
Nemelex Xobeh
Okawaru
Pakellas
Qazlal
Ru
Sif Muna
Trog
Vehumet
Xom
Yredelemnul
Zin
The Shining One

Shops:
D:7 =   D:8 *   D:9 *

Annotations:
D:12 Fannar


Innate Abilities, Weirdness & Mutations

You reflexively headbutt those who attack you in melee.
You have a pair of horns on your head.


Message History

The 14-headed hydra misses you. The 14-headed hydra bites you!
* * * LOW HITPOINT WARNING * * *
The 14-headed hydra closely misses you.
The 14-headed hydra completely misses you.
The 14-headed hydra bites you but does no damage. x2
Unknown command.
Unknown command.
Read which item? (? for menu, Esc to quit)
As you read the scroll of teleportation, it crumbles to dust.
You feel strangely unstable.
You block the 14-headed hydra's attack. x4
The 14-headed hydra bites you.
* * * LOW HITPOINT WARNING * * *
The 14-headed hydra barely misses you. x4; The 14-headed hydra bites you.
* * * LOW HITPOINT WARNING * * *
The 14-headed hydra bites you.
* * * LOW HITPOINT WARNING * * *
You block the 14-headed hydra's attack. The 14-headed hydra bites you.
* * * LOW HITPOINT WARNING * * *
The 14-headed hydra bites you!
You die...

. .....####.##P.....>...
P. #...##P.##P.........
PP###.....P.............
...#....................
.......#.#...#..........
.......###..###.........
.###...####.###.........
##P.......####...#.##...
##........# #..@### .
.##P...#.#.. ##.D.#
###..................
P#.....................
........................
........#.#..#..........
..<....########.........
....P..# ..........
#.#.P..P#


You could see a 14-headed hydra.

Vanquished Creatures
  Josephine (D:11)
  2 hydras (Lair:3)
  4 death yaks (Lair:5)
  2 hill giants
  A cyclops (D:11)
  A siren (Lair:5)
  3 black mambas
  6 spiny frogs
  A gargoyle (D:11)
  4 komodo dragons
  A troll (D:9)
  19 blink frogs
  Prince Ribbit (D:7)
  A slime creature (D:11)
  Grinder (D:4)
  5 wraiths (D:11)
  31 yaks
  2 wyverns
  Eustachio (D:5)
  A hungry ghost (D:9)
  5 hippogriffs
  Edmund (D:4)
  Duvessa (D:4)
  10 water moccasins
  8 porcupines
  4 orc warriors
  2 eyes of draining
  5 sky beasts
  5 black bears
  3 phantoms
  3 wolves (Lair:4)
  5 ogres
  3 centaurs (D:11)
  9 crocodiles
  10 giant frogs
  2 gnoll sergeants
  Dowan (D:4)
  A wyvern zombie (D:12)
  9 scorpions
  A wyvern skeleton (D:11)
  11 killer bees
  A water moccasin skeleton (D:6)
  A howler monkey (D:9)
  4 crimson imps
  2 centaur zombies
  2 giant frog zombies
  A quasit (D:10)
  7 hounds
  5 jellies
  Crazy Yiuf (D:4)
  A giant frog skeleton (D:10)
  9 orc priests
  14 orc wizards
  A centaur skeleton (D:8)
  7 worker ants
  13 iguanas
  4 sheep (D:11)
  13 gnolls
  A worker ant zombie (D:9)
  19 adders
  40 river rats
  2 shadow imps
  15 oozes
  An adder skeleton (D:5)
  2 worms
  4 dart slugs (D:1)
  20 giant geckos
  42 orcs
  17 giant cockroaches
  5 goblins
  8 hobgoblins
  5 jackals
  4 kobolds
  5 quokkas
  7 ball pythons
  5 bats
  A giant gecko skeleton (D:4)
  19 giant newts
  A jackal skeleton (D:4)
  A quokka zombie (D:6)
  9 rats
  2 fungi
508 creatures vanquished.

Vanquished Creatures (collateral kills)
  6 death yaks (Lair:5)
6 creatures vanquished.

Vanquished Creatures (others)
  2 fungi (Lair:5)
  8 plants
10 creatures vanquished.

Grand Total: 524 creatures vanquished

Notes
Turn   | Place    | Note
--------------------------------------------------------------
     0 | D:1      | poirepourri the Minotaur Fighter began the quest for the Orb.
     0 | D:1      | Reached XP level 1. HP: 19/19 MP: 0/0
   144 | D:1      | Reached XP level 2. HP: 17/27 MP: 1/1
   836 | D:1      | Reached XP level 3. HP: 29/33 MP: 2/2
  1602 | D:2      | Found a burning altar of Makhleb.
  1609 | D:2      | Reached skill level 1 in Dodging
  1609 | D:2      | Reached XP level 4. HP: 28/41 MP: 3/3
  1717 | D:2      | Became a worshipper of Makhleb the Destroyer
  2069 | D:3      | Found a glowing drain.
  2083 | D:3      | Reached * piety under Makhleb
  2095 | Sewer    | Entered a sewer
  2104 | Sewer    | Reached XP level 5. HP: 39/47 MP: 4/4
  2197 | Sewer    | Reached skill level 5 in Armour
  2226 | Sewer    | Reached ** piety under Makhleb
  2300 | Sewer    | Reached skill level 5 in Shields
  2379 | Sewer    | Reached *** piety under Makhleb
  2428 | Sewer    | Reached XP level 6. HP: 22/53 MP: 5/5
  2471 | D:3      | Found an iron altar of Okawaru.
  2811 | D:4      | Reached XP level 7. HP: 41/60 MP: 6/6
  2846 | D:4      | Reached skill level 5 in Fighting
  2859 | D:4      | Noticed Edmund
  2869 | D:4      | Killed Edmund
  2946 | D:4      | Noticed Dowan
  2947 | D:4      | Noticed Duvessa
  2962 | D:4      | Noticed Grinder
  2967 | D:4      | Killed Duvessa
  2967 | D:4      | Reached skill level 5 in Axes
  2973 | D:4      | Reached XP level 8. HP: 40/69 MP: 7/7
  2973 | D:4      | Killed Dowan
  2979 | D:4      | Killed Grinder
  2989 | D:4      | Reached **** piety under Makhleb
  3007 | D:4      | Found a blossoming altar of Fedhas.
  3019 | D:4      | Found a stormy altar of Qazlal.
  3261 | D:4      | Noticed Crazy Yiuf
  3265 | D:4      | Killed Crazy Yiuf
  3314 | D:5      | Entered Level 5 of the Dungeon
  3340 | D:5      | Found a shadowy altar of Dithmenos.
  3550 | D:5      | Reached skill level 5 in Dodging
  3702 | D:5      | Noticed Eustachio
  3714 | D:5      | Killed Eustachio
  3927 | D:6      | Reached XP level 9. HP: 79/79 MP: 8/8
  3972 | D:6      | Reached skill level 1 in Stealth
  4251 | D:6      | Found a glowing silver altar of Zin.
  4620 | D:6      | Found a staircase to the Ecumenical Temple.
  4671 | Temple   | Entered the Ecumenical Temple
  5020 | D:7      | Found a glowing silver altar of Zin.
  5231 | D:7      | Noticed Prince Ribbit
  5254 | D:7      | Killed Prince Ribbit
  5438 | D:7      | Found Alecydwe's Jewellery Emporium.
  5444 | D:7      | Reached ***** piety under Makhleb
  5835 | D:8      | Found Eheniudd's General Store.
  5845 | D:8      | Found an opulent altar of Gozag.
  5846 | D:8      | Bought a scroll of recharging for 152 gold pieces
  6044 | D:8      | Reached XP level 10. HP: 73/90 MP: 9/9
  6678 | D:9      | HP: 6/135 [troll (8)]
  6895 | D:9      | Found Wedwel's Assorted Antiques.
  6898 | D:9      | Bought a murky red potion for 22 gold pieces
  6898 | D:9      | Bought a helmet for 112 gold pieces
  6898 | D:9      | Bought a sedimented amethyst potion for 22 gold pieces
  6898 | D:9      | Bought a scroll of enchant armour for 187 gold pieces
  6997 | D:10     | Entered Level 10 of the Dungeon
  7431 | D:10     | Noticed a hill giant
  7443 | D:10     | Killed a hill giant
  7446 | D:10     | Reached skill level 10 in Shields
  7612 | D:10     | Reached ****** piety under Makhleb
  7814 | D:11     | Noticed Josephine
  7835 | D:11     | Killed Josephine
  7848 | D:11     | Reached XP level 11. HP: 54/97 MP: 10/10
  8008 | D:11     | Reached skill level 10 in Axes
  8033 | D:11     | Noticed a hill giant
  8048 | D:11     | Killed a hill giant
  8359 | D:11     | Found a staircase to the Lair.
  8390 | D:11     | Reached skill level 1 in Evocations
  8585 | D:11     | Reached skill level 10 in Fighting
  8882 | D:12     | Noticed Fannar
  9771 | Lair:1   | Entered Level 1 of the Lair of Beasts
  9813 | Lair:1   | Found a bloodstained altar of Trog.
 10694 | Lair:1   | Reached XP level 12. HP: 29/108 MP: 11/11
 12103 | Lair:3   | Noticed a five-headed hydra
 12113 | Lair:3   | Killed a seven-headed hydra
 12540 | Lair:3   | Noticed a seven-headed hydra
 12556 | Lair:3   | Killed a 14-headed hydra
 12979 | Lair:3   | Got a translucent blowgun
 13086 | Lair:2   | Reached skill level 10 in Armour
 13474 | Lair:3   | Identified the +11 blowgun "Alaysoqus" {speed, Fragile +Blink rF+ Str+2} (You found it on level 3 of the Lair of Beasts)
 13523 | Lair:4   | Reached skill level 1 in Invocations
 13941 | Lair:4   | Found a hole to the Spider Nest.
 14932 | Lair:5   | Found a staircase to the Shoals.
 15204 | Lair:5   | Noticed a death yak
 15208 | Lair:5   | Noticed a death yak
 15208 | Lair:5   | Noticed a death yak
 15209 | Lair:5   | Noticed a death yak
 15220 | Lair:5   | Killed a death yak
 15220 | Lair:5   | Reached XP level 13. HP: 95/117 MP: 13/13
 15231 | Lair:5   | Reached skill level 10 in Dodging
 16754 | Lair:6   | Slain by a 14-headed hydra

Skill      XL: |  1  2  3  4  5  6  7  8  9 10 11 12 13 |
---------------+----------------------------------------+-----
Armour         | 4 5 6 7 8 9 10 | 10.8
Fighting       | 4 5 7 8 9 10 11 12 | 12.1
Shields        | 4 5 6 7 8 10 12 13 | 13.7
Dodging        | 1 2 3 4 5 6 7 9 10 | 10.2
Axes           | 3 5 6 8 9 11 12 13 | 13.4
Stealth        | 1 |  1.5
Evocations     | 1 2 |  2.0
Invocations    | 1 2 |  2.6

Action                   |  1- 3 |  4- 6 |  7- 9 | 10-12 | 13-15 || total
-------------------------+-------+-------+-------+-------+-------++-------
Melee: War axe           |    99 |   217 |   296 |   864 |   116 ||  1592
       Headbutt          |    12 |    22 |    63 |   186 |    20 ||   303
Invok: Lesser Servant of |       |       |       |    12 |    15 ||    27
 Abil: Evoke Berserk Rag |       |       |       |     2 |     1 ||     3
Evoke: Wand              |       |       |     1 |    23 |     3 ||    27
  Use: Potion            |       |     1 |     8 |     9 |     3 ||    21
       Scroll            |       |       |    17 |    13 |     6 ||    36
 Stab: Invisible         |       |       |       |     3 |       ||     3
  Eat: Bread ration      |     1 |       |       |     3 |       ||     4
       Meat ration       |       |     1 |     2 |     3 |       ||     6
       Beef jerky        |       |       |     1 |       |       ||     1
       Fruit             |       |       |     1 |     2 |     3 ||     6
       Pizza             |       |       |       |     3 |     1 ||     4
       Royal jelly       |       |       |       |       |     1 ||     1
Armor: Scale mail        |    36 |   147 |   101 |   199 |    26 ||   509
       Skin              |       |       |       |    30 |       ||    30
Dodge: Dodged            |    30 |   125 |   107 |   363 |    92 ||   717
Block: Shield            |    54 |   196 |   203 |   745 |   127 ||  1325
